[Event "Titled Tuesday Blitz November 07 Late 2023"]
[White "Annaberdiyev, Meylis"]
[Black "Reprintsev, Alexander"]
[WhiteFideId "14000563"]
[BlackFideId "14100541"]
[WhiteElo "2679"]
[BlackElo "2509"]
[Result "0-1"]
[Round "11"]
[TimeControl "180+1"]
[Date "2023.11.07"]
[WhiteClock "0:00:00"]
[BlackClock "0:00:48"]
[Board "40"]

1. e4 d5 2. exd5 Qxd5 3. Nc3 Qa5 4. d4 Nf6 5. Bd2 Bg4 6. Nf3 e6 7. h3 Bh5 8. g4 Bg6 9. Ne5 Nbd7 10. Nc4 Qa6 11. h4 Bb4 12. h5 Bxc3 13. hxg6 Bxd2+ 14. Nxd2 Qc6 15. gxf7+ Kxf7 16. Qf3 Qxf3 17. Nxf3 Nxg4 18. Bc4 h6 19. Rg1 Ngf6 20. O-O-O Rae8 21. Rde1 Re7 22. Nh4 Nb6 23. Ng6 Rd8 24. Bb3 Ree8 25. c3 Nbd5 26. Rg3 c6 27. Reg1 Rg8 28. f4 Ke8 29. Re1 Kd7 30. Reg1 Kc7 31. Ne5 Nh5 32. Rg4 Ndxf4 33. Bd1 Rdf8 34. Rh4 Rf5 0-1


[Site "https://www.chess.com"]

[Event "Titled Tuesday Blitz November 07 Late 2023"]
[White "Pinto, Daniel"]
[Black "Kavutskiy, Konstantin"]
[WhiteFideId "3303144"]
[BlackFideId "2026384"]
[WhiteElo "2506"]
[BlackElo "2663"]
[Result "0-1"]
[Round "11"]
[TimeControl "180+1"]
[Date "2023.11.08"]
[WhiteClock "0:00:00"]
[BlackClock "0:00:42"]
[Board "41"]

1. e4 c5 2. Nf3 Nc6 3. Bb5 g6 4. O-O Bg7 5. Re1 Nf6 6. e5 Nd5 7. Nc3 Nc7 8. Bxc6 dxc6 9. h3 Ne6 10. d3 h6 11. Ne4 O-O 12. Be3 b6 13. Qd2 Kh7 14. Ng3 Nd4 15. Bxd4 cxd4 16. Qf4 c5 17. h4 Qd7 18. Nh2 Kg8 19. Re2 f5 20. b3 Bb7 21. f3 Qe6 22. Ngf1 Kh7 23. Nd2 b5 24. a4 a6 25. Qg3 Rfd8 26. f4 Qf7 27. Qh3 e6 28. a5 h5 29. Nhf3 Qd7 30. Ng5+ Kg8 31. Qg3 Qe8 32. Kh2 Bf8 33. Ngf3 Rd7 34. Ng5 Rg7 35. Ree1 Rc8 36. Rec1 Qd7 37. Qf2 Be7 38. Ndf3 Bd8 39. b4 cxb4 40. Qxd4 Qxd4 41. Nxd4 Bxg5 42. hxg5 Kf7 43. Rab1 Rgg8 44. Rxb4 Rgd8 45. Kg3 Rc3 46. Kf2 Ra3 47. Ke3 Rxa5 48. g3 Ra3 49. c4 Be4 50. Rd1 bxc4 51. Rxc4 Rd7 52. Ke2 Ra2+ 53. Rd2 Rxd2+ 54. Kxd2 Bd5 55. Ra4 Ra7 56. Ra5 Ra8 57. Kc3 Ke7 58. Kb4 Kd7 59. Kc5 Kc7 60. Nb5+ axb5 61. Rxa8 Bxa8 62. Kxb5 Bf3 63. d4 Bd5 64. Kc5 Bc6 65. Kc4 Kb6 66. Kb4 Bd5 0-1


[Site "https://www.chess.com"]

[Event "Titled Tuesday Blitz November 07 Late 2023"]
[White "Ventura Bolet, Maxim"]
[Black "Roebers, Eline"]
[WhiteFideId "22238824"]
[BlackFideId "1058401"]
[WhiteElo "2502"]
[BlackElo "2637"]
[Result "0-1"]
[Round "11"]
[TimeControl "180+1"]
[Date "2023.11.07"]
[WhiteClock "0:00:00"]
[BlackClock "0:00:55"]
[Board "42"]

1. e4 c5 2. Nf3 e6 3. b4 cxb4 4. a3 bxa3 5. d4 Nf6 6. Bd3 Nc6 7. Bxa3 Bxa3 8. Nxa3 O-O 9. h4 Nb4 10. e5 Nxd3+ 11. Qxd3 Nd5 12. Nc4 f5 13. g3 Qc7 14. O-O b6 15. Nd6 Bb7 16. c4 Ne7 17. Rfc1 Nc8 18. Nxb7 Qxb7 19. d5 Ne7 20. dxe6 dxe6 21. Ng5 Rad8 22. Qa3 Rfe8 23. Qxa7 Qxa7 24. Rxa7 Nc6 25. Rb7 Nxe5 26. Rxb6 Nd3 27. Rd1 e5 28. Ne6 Rd7 29. f4 e4 30. Ng5 h6 31. Nh3 Rc8 32. Rb5 g6 33. h5 Kg7 34. hxg6 Kxg6 35. Rb6+ Kh5 36. Rb5 Kg4 37. Nf2+ Kxg3 38. Nxd3 Rxd3 39. Rxd3+ exd3 40. Rxf5 Rd8 41. Kf1 d2 0-1


[Site "https://www.chess.com"]

[Event "Titled Tuesday Blitz November 07 Late 2023"]
[White "Ahmad, Khagan"]
[Black "aghasiyevkamal"]
[WhiteFideId "13431552"]
[WhiteElo "2474"]
[BlackElo "2602"]
[Result "1-0"]
[Round "11"]
[TimeControl "180+1"]
[Date "2023.11.08"]
[WhiteClock "0:00:13"]
[BlackClock "0:00:00"]
[Board "43"]

1. Nf3 d5 2. d4 Nf6 3. c4 e6 4. g3 dxc4 5. Bg2 c5 6. O-O Nc6 7. dxc5 Qxd1 8. Rxd1 Bxc5 9. Nbd2 c3 10. bxc3 O-O 11. Nb3 Be7 12. c4 Bd7 13. Bb2 Rfd8 14. Nfd4 Rac8 15. Nb5 b6 16. Nd6 Rc7 17. Nb5 Rcc8 18. Rac1 a5 19. Nd6 Rb8 20. c5 a4 21. Nd4 bxc5 22. Nxc6 Bxc6 23. Bxf6 gxf6 24. Bxc6 Rxd6 25. Rxd6 Bxd6 26. Bxa4 Rb2 27. Rc2 Rb4 28. Bb3 f5 29. e3 Kg7 30. Kg2 Kf6 31. Rd2 Ke7 32. Rc2 Kf6 33. f4 Ke7 34. Kf3 h6 35. h3 Kf6 36. g4 fxg4+ 37. hxg4 Kg6 38. Rd2 Bf8 39. Rd8 Be7 40. Rc8 Kg7 41. Rc7 Kf8 42. e4 Rd4 43. e5 Rd3+ 44. Ke4 Rg3 45. Bd1 Rg1 46. Be2 Rg2 47. Kf3 Rg1 48. f5 exf5 49. gxf5 Bg5 50. f6 Ke8 51. Bb5+ Kd8 52. Rxf7 Rf1+ 53. Ke4 Re1+ 54. Kd5 1-0


[Site "https://www.chess.com"]

[Event "Titled Tuesday Blitz November 07 Late 2023"]
[White "victormago"]
[Black "Ozates, Tuna"]
[BlackFideId "6354521"]
[WhiteElo "2482"]
[BlackElo "2574"]
[Result "1-0"]
[Round "11"]
[TimeControl "180+1"]
[Date "2023.11.07"]
[WhiteClock "0:00:28"]
[BlackClock "0:00:00"]
[Board "44"]

1. d4 Nf6 2. c4 e6 3. Nc3 Bb4 4. Qc2 d5 5. cxd5 exd5 6. Nf3 h6 7. Bf4 O-O 8. h3 Ne4 9. e3 Bf5 10. Bd3 Re8 11. O-O c6 12. a3 Bf8 13. Bh2 Nd7 14. Ne5 Nxe5 15. Bxe5 Bd6 16. Bxd6 Qxd6 17. Rae1 Qg6 18. Kh2 h5 19. Bxe4 dxe4 20. Rd1 Rad8 21. d5 c5 22. Nb5 a6 23. Nc3 Rd6 24. Ne2 b6 25. b4 cxb4 26. axb4 Qf6 27. Qa2 Qe5+ 28. Kg1 Bxh3 29. gxh3 Rg6+ 30. Kh1 Rf6 31. Nf4 g5 32. Nxh5 Rf3 33. Kg2 Qf5 34. Ng3 Qe5 35. d6 Kg7 36. d7 Rd8 37. Qd5 1-0


[Site "https://www.chess.com"]

[Event "Titled Tuesday Blitz November 07 Late 2023"]
[White "Remolar Gallen, Jose"]
[Black "Kazakov, Mikhail"]
[WhiteFideId "2215187"]
[BlackFideId "14102749"]
[WhiteElo "2530"]
[BlackElo "2464"]
[Result "0-1"]
[Round "11"]
[TimeControl "180+1"]
[Date "2023.11.07"]
[WhiteClock "0:00:00"]
[BlackClock "0:00:10"]
[Board "45"]

1. e4 c5 2. Nf3 e6 3. d4 cxd4 4. Nxd4 Nc6 5. Nc3 Nf6 6. Be3 Bb4 7. f3 d5 8. Nxc6 bxc6 9. e5 Nd7 10. f4 c5 11. Bd2 f6 12. Bd3 O-O 13. Qh5 f5 14. O-O c4 15. Be2 Nc5 16. a3 Ba5 17. Be3 Bb6 18. Qf3 Ne4 19. Nxe4 fxe4 20. Qf2 Bxe3 21. Qxe3 Qb6 22. Qxb6 axb6 23. c3 Bd7 24. Bg4 g6 25. g3 Kf7 26. Kf2 Ba4 27. Rac1 Ke7 28. Ke3 Ra5 29. Rf2 Bd7 30. Rg1 Rb5 31. Kd4 g5 32. Bh3 h5 33. Ke3 Be8 34. Bf1 Bg6 35. Rd2 h4 36. Be2 hxg3 37. hxg3 Rh8 38. Bd1 Ra5 39. fxg5 Raa8 40. Rf2 Bf5 41. g4 Rh3+ 42. Kf4 Bg6 43. Rg3 Rf8+ 0-1


[Site "https://www.chess.com"]

[Event "Titled Tuesday Blitz November 07 Late 2023"]
[White "Awoki, Daniel Teidi"]
[Black "Kochiev, Ivan"]
[WhiteFideId "2100827"]
[BlackFideId "2917890"]
[WhiteElo "2344"]
[BlackElo "2530"]
[Result "0-1"]
[Round "11"]
[TimeControl "180+1"]
[Date "2023.11.07"]
[WhiteClock "0:00:36"]
[BlackClock "0:00:52"]
[Board "46"]

1. e4 e5 2. Nf3 Nf6 3. Nc3 Nc6 4. Bb5 Bc5 5. O-O d6 6. d3 O-O 7. Bg5 Ne7 8. Bxf6 gxf6 9. Na4 c6 10. Nxc5 dxc5 11. Bc4 Ng6 12. h3 Kh8 13. Nh2 Nf4 14. h4 Rg8 15. g3 f5 16. Kh1 Ne6 17. exf5 Nd4 18. Bxf7 Rg7 19. Be6 Nxe6 20. fxe6 Bxe6 21. Qh5 Qd5+ 22. Qf3 Qxf3+ 23. Nxf3 Bd5 24. Rfe1 Bxf3+ 25. Kh2 Re7 26. Re3 Bd5 27. Rae1 Rae8 28. f4 e4 29. g4 exd3 30. Rxe7 Rxe7 0-1


[Site "https://www.chess.com"]

[Event "Titled Tuesday Blitz November 07 Late 2023"]
[White "bettercallcafu"]
[Black "Kujawski, Adam"]
[BlackFideId "1100920"]
[WhiteElo "2706"]
[BlackElo "2402"]
[Result "0-1"]
[Round "11"]
[TimeControl "180+1"]
[Date "2023.11.07"]
[WhiteClock "0:00:05"]
[BlackClock "0:00:10"]
[Board "47"]

1. d4 Nf6 2. Nc3 d5 3. Bf4 a6 4. e3 e6 5. g4 Bd6 6. g5 Bxf4 7. gxf6 Bh6 8. fxg7 Bxg7 9. Nf3 c5 10. Rg1 Kf8 11. Ne5 Nd7 12. Nxd7+ Bxd7 13. Qg4 Rg8 14. Bd3 cxd4 15. exd4 e5 16. Qh5 e4 17. Be2 Qf6 18. O-O-O Be6 19. Nxd5 Qxf2 20. Nc7 Qf4+ 21. Kb1 Qxc7 22. d5 Qe5 23. Qxe5 Bxe5 24. dxe6 fxe6 25. Rgf1+ Ke7 26. h4 Raf8 27. Bh5 Rxf1 28. Rxf1 Rf8 29. Rxf8 Kxf8 30. Bg4 Kf7 31. c3 h6 32. Kc2 a5 33. c4 b6 34. b3 Kf6 35. Kd2 Bd4 36. Ke2 Ke5 37. Bh5 Bc5 38. Bf7 Kf5 39. h5 Ke5 40. Bg8 Kf5 41. Bf7 Ke5 42. Be8 Kf5 43. a4 Ke5 44. Bc6 Kd4 45. Bd7 Kc3 46. Bxe6 Kxb3 47. Bd7 Kxc4 48. Bc6 Kd4 49. Bb5 Ke5 50. Be8 Kf4 51. Bb5 Bd4 52. Be8 Bf6 53. Bc6 Bg5 54. Be8 Ke5 55. Bc6 Kd4 56. Be8 e3 57. Bb5 Ke5 58. Be8 Kf4 59. Bb5 Kg4 60. Be8 Kf5 61. Bg6+ Ke5 62. Be8 Kf4 63. Bb5 Bf6 64. Be8 Bd4 65. Bb5 Bc5 66. Be8 Kg4 67. Bf7 b5 68. axb5 a4 69. Bg6 a3 70. Bf7 Kg5 71. Kf3 Kf5 72. Bb3 Ke5 73. Bf7 Kd4 74. Bb3 Kc3 75. Bd5 Kb2 76. Ke2 a2 77. Bxa2 Kxa2 78. Kd3 Kb3 79. Ke2 Kc3 0-1


[Site "https://www.chess.com"]

[Event "Titled Tuesday Blitz November 07 Late 2023"]
[White "Meduri, Aakaash"]
[Black "Rosen, Eric"]
[WhiteFideId "2032252"]
[BlackFideId "2032562"]
[WhiteElo "2471"]
[BlackElo "2704"]
[Result "1-0"]
[Round "11"]
[TimeControl "180+1"]
[Date "2023.11.08"]
[WhiteClock "0:00:05"]
[BlackClock "0:00:05"]
[Board "48"]

1. c4 e6 2. g3 d5 3. Bg2 Nf6 4. Nf3 dxc4 5. O-O a6 6. a4 Nc6 7. Qc2 Na5 8. Na3 Bxa3 9. Rxa3 O-O 10. Ne5 Qd4 11. Re3 Rb8 12. g4 b5 13. g5 Nd5 14. Re4 Qc5 15. Rh4 f5 16. d4 Qd6 17. e4 Nb4 18. Qd1 g6 19. Bf4 Qe7 20. Qf3 Nac6 21. Qh3 Nxe5 22. Bxe5 Nd3 23. Bf6 Qf7 24. exf5 exf5 25. Bd5 Qxd5 26. Rxh7 Rxf6 27. gxf6 Kf8 28. Rg7 Qg8 29. Rxg8+ Kxg8 30. Qh6 Kf7 31. Qg7+ Ke6 32. Qe7+ Kd5 33. f7 Be6 34. f8=Q Rxf8 35. Qxf8 Kxd4 36. axb5 Bd5 37. bxa6 Nf4 38. Re1 Nh3+ 39. Kf1 Be4 40. Qd8+ Ke5 41. Qxc7+ Kf6 42. Rxe4 fxe4 43. a7 c3 44. bxc3 Kg5 45. Qg3+ Kf5 46. Qxh3+ Kg5 47. a8=Q e3 48. Qag2+ Kf6 49. Qxe3 Kg7 50. Qgg5 Kh7 51. Qee7+ Kh8 52. Qh6+ Kg8 53. Qhh7# 1-0


[Site "https://www.chess.com"]

[Event "Titled Tuesday Blitz November 07 Late 2023"]
[White "reevecanada"]
[Black "Baches Garcia, Guillermo"]
[BlackFideId "2209764"]
[WhiteElo "2631"]
[BlackElo "2462"]
[Result "1/2-1/2"]
[Round "11"]
[TimeControl "180+1"]
[Date "2023.11.07"]
[WhiteClock "0:00:10"]
[BlackClock "0:00:03"]
[Board "49"]

1. e4 d5 2. exd5 Qxd5 3. Nc3 Qa5 4. d4 Nf6 5. Bd3 Nc6 6. Ne2 Bg4 7. f3 Bf5 8. Bc4 Be6 9. Bxe6 fxe6 10. Nf4 e5 11. dxe5 Qxe5+ 12. Qe2 Qxe2+ 13. Ncxe2 e5 14. Ne6 Kd7 15. Nxf8+ Rhxf8 16. Be3 Rad8 17. O-O-O+ Ke6 18. Nc3 Nd4 19. Rhe1 Kf5 20. Bxd4 exd4 21. Nb5 c5 22. Re7 Rd7 23. Rxd7 Nxd7 24. Nd6+ Kf4 25. Re1 Nf6 26. Re7 b6 27. Rxg7 Ke3 28. Nc4+ Kf2 29. Ne5 Nd5 30. Nd3+ Ke2 31. Rxa7 Ne3 32. Rxh7 c4 33. Nb4 d3 34. Rd7 Rc8 35. a4 Ke1 36. g4 Rc7 37. Rd4 Ke2 38. g5 Rf7 39. f4 Rxf4 40. Rxf4 d2+ 41. Kb1 d1=Q+ 42. Ka2 Nxc2 43. Re4+ Kf3 44. Rxc4 Nxb4+ 45. Rxb4 Qd5+ 46. Ka3 Qc5 47. Kb3 Ke3 48. g6 Qd5+ 49. Ka3 Qd6 50. g7 Qg6 51. Rxb6 Qxg7 52. Rb3+ Kd4 53. Rb4+ Kc5 54. Rb5+ Kc6 55. b3 Qf8+ 56. Ka2 Qf2+ 57. Ka3 Qxh2 58. Rf5 Qd6+ 59. Ka2 Qd2+ 60. Ka3 Qd6+ 61. Ka2 Qd2+ 62. Ka3 Qc1+ 63. Kb4 Qe1+ 64. Ka3 Qa1+ 65. Kb4 Qe1+ 66. Ka3 Qa1+ 67. Kb4 Qe1+ 1/2-1/2


[Site "https://www.chess.com"]

[Event "Titled Tuesday Blitz November 07 Late 2023"]
[White "Pinheiro, Iung Alicio de O."]
[Black "Kovalevsky, Stanislav"]
[WhiteFideId "2104350"]
[BlackFideId "13508598"]
[WhiteElo "2583"]
[BlackElo "2452"]
[Result "0-1"]
[Round "11"]
[TimeControl "180+1"]
[Date "2023.11.08"]
[WhiteClock "0:00:00"]
[BlackClock "0:00:05"]
[Board "50"]

1. c4 c6 2. g3 d5 3. Nf3 Nf6 4. Bg2 Bg4 5. Ne5 Bf5 6. Qb3 Qc8 7. cxd5 cxd5 8. Nc3 e6 9. d3 Nc6 10. Bf4 Nxe5 11. Bxe5 Nd7 12. Bf4 Be7 13. Rc1 Nc5 14. Qd1 Qd8 15. b4 Nd7 16. a3 O-O 17. Nb5 e5 18. Bd2 Nb6 19. O-O Qd7 20. Nc3 Bh3 21. Qb3 Bxg2 22. Kxg2 Rac8 23. a4 Rc6 24. a5 d4 25. Na4 Nxa4 26. Qxa4 Rfc8 27. b5 Rxc1 28. Rxc1 Rxc1 29. Bxc1 a6 30. Qc4 h6 31. bxa6 bxa6 32. Qxa6 Bb4 33. Qa8+ Kh7 34. Qe4+ g6 35. a6 Bd6 36. Bd2 Qa7 37. Qb7 Bc5 38. Qxa7 Bxa7 39. Kf3 Kg7 40. Ke4 Kf6 41. Kd5 Kf5 42. Kc6 Kg4 43. Kb7 Bc5 44. a7 Bxa7 45. Kxa7 Kh3 46. Kb6 Kxh2 47. f4 Kxg3 48. fxe5 h5 49. Bg5 h4 50. Kc5 h3 51. e6 fxe6 52. Bf6 Kf2 53. Bxd4+ Kxe2 54. Be5 Kxd3 55. Kd6 Ke4 56. Kxe6 g5 57. Kf6 g4 58. Bh2 Kf3 59. Kg5 g3 0-1


[Site "https://www.chess.com"]

[Event "Titled Tuesday Blitz November 07 Late 2023"]
[White "Shapiro, Viktor"]
[Black "Akhayan, Ruben"]
[WhiteFideId "4175700"]
[BlackFideId "204439"]
[WhiteElo "2579"]
[BlackElo "2454"]
[Result "0-1"]
[Round "11"]
[TimeControl "180+1"]
[Date "2023.11.07"]
[WhiteClock "0:01:35"]
[BlackClock "0:01:52"]
[Board "51"]

1. c4 Nf6 2. Nc3 g6 3. Nf3 d5 4. cxd5 Nxd5 5. Qb3 Nb6 6. d4 Bg7 7. Bf4 O-O 8. Rd1 c6 9. e3 Be6 10. Qc2 Na6 11. a3 Qd7 12. Ne5 Bxe5 13. dxe5 Qc7 14. h4 h5 15. Be2 Bf5 16. e4 Be6 17. f3 Nc5 18. Bg3 Bb3 19. Qb1 Bxd1 20. Qxd1 Rad8 21. Qc2 Ne6 22. f4 Nd4 23. Qb1 Nxe2 24. Kxe2 Qd7 25. Rd1 Qg4+ 26. Kf2 Rxd1 27. Nxd1 Rd8 28. Qc2 Qxd1 0-1


[Site "https://www.chess.com"]

[Event "Titled Tuesday Blitz November 07 Late 2023"]
[White "Weisz, Bryan"]
[Black "Santos Flores, Alberto"]
[WhiteFideId "30934133"]
[BlackFideId "3601234"]
[WhiteElo "2442"]
[BlackElo "2543"]
[Result "0-1"]
[Round "11"]
[TimeControl "180+1"]
[Date "2023.11.08"]
[WhiteClock "0:01:37"]
[BlackClock "0:02:09"]
[Board "52"]

1. c3 d5 2. e4 dxe4 3. Qa4+ Nc6 4. Qxe4 Nf6 5. Qh4 e5 6. Bc4 Bc5 7. Nf3 O-O 8. Ng5 h6 9. Nxf7 Rxf7 10. Bxf7+ Kxf7 11. O-O Be6 12. Kh1 Qd3 13. Re1 Ng4 14. h3 Bxf2 0-1


[Site "https://www.chess.com"]

[Event "Titled Tuesday Blitz November 07 Late 2023"]
[White "Mazurkiewicz, Michal"]
[Black "a-z30"]
[WhiteFideId "1124943"]
[WhiteElo "2438"]
[BlackElo "2536"]
[Result "0-1"]
[Round "11"]
[TimeControl "180+1"]
[Date "2023.11.07"]
[WhiteClock "0:00:00"]
[BlackClock "0:00:08"]
[Board "53"]

1. e4 d6 2. d4 Nf6 3. Nc3 g6 4. f4 Bg7 5. Nf3 O-O 6. e5 dxe5 7. dxe5 Qxd1+ 8. Nxd1 Nd5 9. Bd2 Nc6 10. a3 f6 11. c4 Nb6 12. Bc3 Bg4 13. Be2 Bxf3 14. Bxf3 fxe5 15. c5 Nd7 16. b4 exf4 17. Bd5+ Kh8 18. Bxg7+ Kxg7 19. Nc3 e6 20. Ba2 Nd4 21. O-O-O e5 22. Rhe1 Rae8 23. Nd5 c6 24. Nc7 Nf6 25. Nxe8+ Rxe8 26. h3 g5 27. Rd3 h5 28. a4 g4 29. hxg4 hxg4 30. b5 Nf5 31. Bb1 Ne3 32. Rdxe3 fxe3 33. Rxe3 e4 34. bxc6 bxc6 35. g3 Kg6 36. Kd2 Kf5 37. Kc3 Ke5 0-1


[Site "https://www.chess.com"]

[Event "Titled Tuesday Blitz November 07 Late 2023"]
[White "Czerw, Dawid"]
[Black "Novikova, Galina"]
[WhiteFideId "1145746"]
[BlackFideId "4157095"]
[WhiteElo "2504"]
[BlackElo "2434"]
[Result "0-1"]
[Round "11"]
[TimeControl "180+1"]
[Date "2023.11.07"]
[WhiteClock "0:01:43"]
[BlackClock "0:00:47"]
[Board "54"]

1. e4 e6 2. d4 d5 3. Nc3 Bb4 4. e5 c5 5. a3 Bxc3+ 6. bxc3 Ne7 7. Qg4 Kf8 8. h4 Qa5 9. Bd2 Qa4 10. Kd1 Nbc6 11. Nf3 b6 12. h5 h6 13. Rh3 Ba6 14. Rg3 Nf5 15. Bxa6 Qxa6 16. Rh3 Qf1+ 17. Be1 cxd4 18. cxd4 Na5 19. Nd2 Qb5 20. Qf4 Qb2 21. Rb1 Qxd4 22. Qxd4 Nxd4 23. Nb3 Naxb3 24. cxb3 Rc8 25. Rd3 Nf5 26. g4 Ne7 27. Bb4 Ke8 28. a4 Kd7 29. a5 Nc6 30. Bd6 Nxa5 31. Ra1 f6 32. b4 Nc6 33. Ra6 fxe5 0-1


[Site "https://www.chess.com"]

[Event "Titled Tuesday Blitz November 07 Late 2023"]
[White "Sepulveda Rojas, Jorge"]
[Black "Arnold, Ken"]
[WhiteFideId "3404803"]
[BlackFideId "2056836"]
[WhiteElo "2502"]
[BlackElo "2433"]
[Result "1-0"]
[Round "11"]
[TimeControl "180+1"]
[Date "2023.11.07"]
[WhiteClock "0:00:05"]
[BlackClock "0:00:00"]
[Board "55"]

1. e4 e5 2. Nf3 Nf6 3. Nc3 Nc6 4. Bb5 d6 5. Bxc6+ bxc6 6. h3 Be7 7. d3 c5 8. O-O O-O 9. Ne2 a5 10. c4 h6 11. Ng3 Nh7 12. Ne1 Bg5 13. Nc2 a4 14. Ne3 Bxe3 15. Bxe3 f5 16. exf5 Bxf5 17. f4 exf4 18. Rxf4 Bg6 19. Qd2 Rxf4 20. Bxf4 Qf6 21. Be3 a3 22. d4 axb2 23. Qxb2 Qe6 24. Bf2 Qxc4 25. dxc5 dxc5 26. Rc1 Qxa2 27. Qxa2+ Rxa2 28. Rxc5 Rc2 29. Ra5 Ng5 30. Ra8+ Kf7 31. Ra4 Ke6 32. Ra6+ c6 33. Ra4 Rc1+ 34. Kh2 Rc2 35. Kg1 Rc1+ 36. Kh2 Kd5 37. Rd4+ Ke5 38. Rd7 Ne6 39. Re7 Rc2 40. Kg1 Kd6 41. Ra7 Nf4 42. Rxg7 Ke6 43. h4 h5 44. Rg8 c5 45. Rc8 c4 46. Nf1 Nd3 47. Be3 Re2 48. Rxc4 Ne1 49. Bf2 Nd3 50. Be3 Ne5 51. Rc3 Be4 52. Bf2 Ng4 53. Ng3 Rxf2 54. Nxe4 Ra2 55. Ng5+ Kf5 56. Rf3+ Kg6 57. Ne6 Ra1+ 58. Rf1 Ra2 59. Nf4+ Kh6 60. Re1 Rb2 61. g3 Ra2 62. Re6+ Kh7 63. Nxh5 Ra1+ 64. Kg2 Ra2+ 65. Kf3 Nh2+ 66. Kf4 Ra4+ 67. Re4 Ra5 68. g4 Kg6 69. g5 Kxh5 70. Rd4 Ng4 71. Rd6 Kxh4 72. g6 Rg5 73. Rd2 1-0


[Site "https://www.chess.com"]

[Event "Titled Tuesday Blitz November 07 Late 2023"]
[White "Cristi_Coca"]
[Black "ATM622"]
[WhiteElo "2492"]
[BlackElo "2428"]
[Result "0-1"]
[Round "11"]
[TimeControl "180+1"]
[Date "2023.11.07"]
[WhiteClock "0:01:52"]
[BlackClock "0:01:53"]
[Board "56"]

1. e4 c6 2. d4 d5 3. Nc3 dxe4 4. Nxe4 Bf5 5. Ng3 Bg6 6. N1e2 e6 7. Nf4 Bd6 8. c3 Nf6 9. Bc4 O-O 10. h4 Bxf4 11. Bxf4 Nd5 12. Bxb8 Rxb8 13. h5 Bf5 14. Nxf5 exf5 15. Bxd5 Re8+ 16. Kd2 Qxd5 17. f3 f4 18. Kc2 Qf5+ 19. Qd3 Re2+ 0-1


[Site "https://www.chess.com"]

[Event "Titled Tuesday Blitz November 07 Late 2023"]
[White "Polaczek, Richard"]
[Black "Willy, Stephen"]
[WhiteFideId "200026"]
[BlackFideId "30981468"]
[WhiteElo "2426"]
[BlackElo "2489"]
[Result "1-0"]
[Round "11"]
[TimeControl "180+1"]
[Date "2023.11.07"]
[WhiteClock "0:00:58"]
[BlackClock "0:01:12"]
[Board "57"]

1. d4 Nf6 2. Bg5 Ne4 3. Bf4 g5 4. Bc1 Rg8 5. f3 Nf6 6. e4 d6 7. Be3 h5 8. Nc3 Nc6 9. Nge2 e5 10. Qd2 g4 11. d5 Ne7 12. O-O-O Ng6 13. h4 c5 14. Ng3 a6 15. Bg5 Nf4 16. Nce2 Nxe2+ 17. Bxe2 Be7 18. Rdf1 Nxd5 19. Qxd5 Bxg5+ 20. hxg5 Be6 21. Qd2 1-0


[Site "https://www.chess.com"]

[Event "Titled Tuesday Blitz November 07 Late 2023"]
[White "Hajiyev, Kanan"]
[Black "Dwilewicz, Katarzyna"]
[WhiteFideId "13404148"]
[BlackFideId "1148486"]
[WhiteElo "2487"]
[BlackElo "2374"]
[Result "0-1"]
[Round "11"]
[TimeControl "180+1"]
[Date "2023.11.07"]
[WhiteClock "0:00:00"]
[BlackClock "0:00:07"]
[Board "58"]

1. d4 g6 2. Nf3 Bg7 3. g3 d6 4. Bg2 Nd7 5. O-O e5 6. dxe5 Nxe5 7. Nxe5 Bxe5 8. Nd2 Ne7 9. Nc4 Bg7 10. c3 O-O 11. Bg5 h6 12. Bf4 Be6 13. Na5 Rb8 14. Qd2 c6 15. Nb3 Nd5 16. Bxh6 Bxh6 17. Qxh6 Qf6 18. Nd4 Bg4 19. Bf3 Bd7 20. Bxd5 cxd5 21. Rad1 Rfe8 22. Rd3 Bg4 23. Re1 Re5 24. Kg2 Rh5 25. Qf4 Qxf4 26. gxf4 Kg7 27. h3 Bd7 28. Rh1 Rbh8 29. Rh2 Rh4 30. e3 Bxh3+ 31. Kg3 Rg4+ 32. Kf3 Rg1 33. Rxh3 Rxh3+ 34. Ke2 Rb1 35. Rd2 Rhh1 36. Nb5 Rhe1+ 37. Kf3 Red1 38. Re2 Ra1 39. Nxd6 Rxa2 40. Nxb7 Rb1 41. b4 Rxe2 42. Kxe2 Kf6 43. Nd8 Rb2+ 44. Kd3 Rxf2 45. Nc6 Ra2 46. Nd4 Ke7 47. Nc6+ Kd6 48. Nd4 f6 49. e4 dxe4+ 50. Kxe4 a6 51. Ke3 g5 52. fxg5 fxg5 53. Kf3 Rd2 54. Ke3 Rg2 55. Kf3 Rg1 56. Nf5+ Ke5 57. Ne3 Rc1 58. c4 Rc3 59. Ke2 Ke4 60. Nd5 Rc2+ 61. Kd1 Rxc4 62. Nf6+ Ke3 63. Nd5+ Kd3 64. Nf6 Rxb4 65. Kc1 Rc4+ 66. Kd1 Rc5 67. Ng4 a5 68. Nf2+ Ke3 69. Ng4+ Kf4 70. Nf2 Rd5+ 71. Ke2 g4 72. Nd3+ Rxd3 73. Kxd3 g3 74. Ke2 a4 75. Kf1 a3 76. Kg2 a2 0-1


[Site "https://www.chess.com"]

[Event "Titled Tuesday Blitz November 07 Late 2023"]
[White "Wanyama, Harold"]
[Black "Hilary46"]
[WhiteFideId "10000380"]
[WhiteElo "2424"]
[BlackElo "2659"]
[Result "1-0"]
[Round "11"]
[TimeControl "180+1"]
[Date "2023.11.08"]
[WhiteClock "0:01:10"]
[BlackClock "0:00:00"]
[Board "59"]

1. d4 d5 2. c4 e6 3. Nc3 Nf6 4. Nf3 c6 5. e3 Nbd7 6. Bd3 dxc4 7. Bxc4 b5 8. Bd3 a6 9. e4 c5 10. e5 cxd4 11. Nxb5 axb5 12. exf6 gxf6 13. O-O Qb6 14. Qe2 Bb7 15. Bf4 Rg8 16. Bg3 b4 17. Rfe1 Bd6 18. Bxh7 Rg7 19. Be4 Ba6 20. Qd2 Rd8 21. Qxd4 Qxd4 22. Nxd4 Bxg3 23. hxg3 Nc5 24. Bc6+ Kf8 25. Nf3 Nd3 26. Red1 Rc8 27. Bb7 Bxb7 28. Rxd3 Bd5 29. Rd4 Rb8 30. a3 bxa3 31. bxa3 Ke7 32. a4 Rh7 33. a5 Bxf3 34. gxf3 Rbh8 35. Rh4 Rxh4 36. gxh4 Rxh4 37. a6 Rh8 38. Rb1 Kd6 39. Rb7 Ra8 40. a7 f5 41. Rxf7 Kc6 42. Kg2 Rg8+ 43. Kh3 Kd6 44. f4 Rh8+ 45. Kg3 Kc6 46. Re7 Kd5 47. Rb7 Ra8 48. Kh4 Ke4 49. Rb4+ Kf3 50. Ra4 Rg8 51. a8=Q+ Rxa8 52. Rxa8 Kxf4 53. Ra3 e5 54. Kh3 e4 55. Kg2 Ke5 56. f3 1-0


[Site "https://www.chess.com"]

[Event "Titled Tuesday Blitz November 07 Late 2023"]
[White "The_Straightforward_Rook"]
[Black "Su, Dion"]
[BlackFideId "2029731"]
[WhiteElo "2552"]
[BlackElo "2420"]
[Result "1-0"]
[Round "11"]
[TimeControl "180+1"]
[Date "2023.11.07"]
[WhiteClock "0:00:44"]
[BlackClock "0:00:11"]
[Board "60"]

1. e4 e6 2. d4 d5 3. e5 c5 4. c3 Bd7 5. Nf3 Qb6 6. Na3 cxd4 7. cxd4 Bxa3 8. bxa3 Ne7 9. Bd3 Nbc6 10. Rb1 Qa5+ 11. Qd2 Qxd2+ 12. Bxd2 Rb8 13. O-O O-O 14. Rfc1 Rfc8 15. h4 h6 16. g4 Nd8 17. Bb4 Rxc1+ 18. Rxc1 Rc8 19. Rb1 Ng6 20. Bd2 a6 21. h5 Ne7 22. Kg2 b5 23. a4 Rb8 24. axb5 axb5 25. a4 Nc8 26. axb5 Nb6 27. Ba5 Nc4 28. Bc7 Rc8 29. b6 Nb7 30. Rc1 Nxb6 31. Ba6 Na8 32. Bxb7 Rxc7 33. Rb1 Bc6 34. Bxa8 Bxa8 35. Rb8+ Rc8 36. Rxc8+ 1-0


[Site "https://www.chess.com"]